 Dungeon Crawl Stone Soup version 0.17-a0-1939-ga475588 (webtiles) character file.

241 ololoev the Slasher (level 5, 20/37 HPs)
             Began as a High Elf Fighter on Sept 29, 2015.
             Quit the game on level 5 of the Dungeon.
             The game lasted 00:09:18 (1160 turns).

ololoev the Slasher (High Elf Fighter)              Turns: 1160, Time: 00:09:19

Health: 20/37      AC:  9    Str: 14 (16) XL:     5   Next: 80%
Magic:  6/6        EV:  4    Int: 11      God:
Gold:   119        SH:  9    Dex: 15      Spells: 0 memorised, 4 levels left

rFire  . . .     SeeInvis .     a - +0 long sword
rCold  + . .     Clarity  .     m - +0 chain mail
rNeg   . . .     SustAt   .     c - +0 shield
rPois  .         Gourm    .     (no helmet)
rElec  .         Spirit   .     (no cloak)
rCorr  .         Warding  .     (no gloves)
rMut   .         Stasis   .     (no boots)
MR     .....                    (no amulet)
Stlth  ..........               (no ring)
                                j - ring of protection from cold

@: not resistant to hostile enchantments, extremely unstealthy
A: no striking features
a: no special abilities

Inventory:

Hand weapons
 a - a +0 long sword (weapon)
Armour
 c - a +0 shield (worn)
 m - a +0 chain mail (worn)
Jewellery
 j - a ring of protection from cold (left hand)
Scrolls
 d - 2 scrolls of identify {unknown}
 f - 3 scrolls of magic mapping {unknown}
 k - a scroll of remove curse {unknown}
Comestibles
 e - 2 bread rations
 i - a beef jerky


   Skills:
 + Level 4.0 Fighting
 * Level 5.0 Long Blades
 + Level 3.5 Armour
 + Level 3.6 Shields


You had 4 spell levels left.
You didn't know any spells.


You were on level 5 of the Dungeon.
You were not hungry.

You visited 2 branches of the dungeon, and saw 7 of its levels.

You collected 119 gold pieces.

#..........##
##..........#
##........>## ###
##.........# ###.##
#..........#
##....###.##.....).#
##......#..####......
##.........## #####..
#....@.....# ###
#.........##
##....##### ######

Notes
Turn   | Place    | Note
--------------------------------------------------------------
     0 | D:1      | ololoev the High Elf Fighter began the quest for the Orb.
     0 | D:1      | Reached XP level 1. HP: 16/16 MP: 2/2
   375 | D:3      | Reached XP level 2. HP: 21/21 MP: 3/3
   395 | D:4      | Reached XP level 3. HP: 26/26 MP: 4/4
   415 | D:4      | Found Hegguele's Food Shop.
   454 | D:4      | Reached XP level 4. HP: 23/31 MP: 5/5
   471 | D:5      | Entered Level 5 of the Dungeon
   504 | D:3      | Noticed Ijyb
   510 | D:3      | Killed Ijyb
   510 | D:3      | Reached skill level 4 in Long Blades
   582 | D:5      | Noticed a phantom
   622 | D:4      | Found a staircase to the Ecumenical Temple.
   632 | Temple   | Entered the Ecumenical Temple
   811 | D:3      | Found a snail-covered altar of Cheibriados.
   891 | D:4      | Reached XP level 5. HP: 3/37 MP: 6/6
  1050 | D:5      | Noticed a sky beast
  1091 | D:5      | Killed a sky beast
  1091 | D:5      | Reached skill level 5 in Long Blades
  1160 | D:5      | Quit the game

Dungeon Overview and Level Annotations

Branches:
Dungeon (6/15)             Temple (1/1) D:4

Altars:
Cheibriados
Dithmenos
Gozag
Qazlal
Ru
Trog
Vehumet
Zin
The Shining One

Shops:
D:4 %


Message History

The sky beast hits you but does no damage.
You hit the sky beast.
The sky beast is severely wounded.
The sky beast hits you. The sky beast shocks you.
You block the sky beast's attack.
You closely miss the sky beast.
The sky beast is severely wounded.
You block the sky beast's attack.
You slash the sky beast!
The sky beast is almost dead.
You block the sky beast's attack.
You hit the sky beast.
You kill the sky beast!
Your Fighting skill increases to level 4!
Your Long Blades skill increases to level 5!
You are feeling very hungry.
You now have 119 gold pieces (gained 12).
Found a robe.
Eat one of 2 chunks of flesh? (ye/n/q/i?) This raw flesh tastes terrible.
You continue eating. x2
All of the chunks of flesh in your inventory have rotted away.
An orc comes into view. It is wielding a flail.
Found a stone staircase leading down.
You closely miss the orc. You block the orc's attack.
You hit the orc.
The orc is severely wounded.
The orc hits you but does no damage.
You closely miss the orc.
The orc is severely wounded.
You block the orc's attack.
You hit the orc.
You kill the orc!
You see here a flail.
There is a stone staircase leading down here.
You climb downwards.
There is a stone staircase leading up here.
You climb upwards.
There is a stone staircase leading down here.
Are you sure you want to abandon this character and quit the game? (Confirm with "yes".)

There were no monsters in sight!

Vanquished Creatures
  A sky beast (D:5)
  Ijyb (D:3)
  An orc wizard (D:4)
  2 iguanas (D:4)
  2 adders
  An ooze (D:4)
  A worm (D:4)
  4 orcs
  A bat (D:2)
  3 giant cockroaches
  A hobgoblin (D:1)
  4 jackals (D:4)
  2 giant geckos (D:4)
  A giant newt (D:1)
  2 rats (D:1)
27 creatures vanquished.

Action                   |  1- 3 |  4- 6 || total
-------------------------+-------+-------++-------
Melee: Long sword        |    66 |   103 ||   169
  Use: Potion            |     1 |     5 ||     6
  Eat: Chunk             |       |     1 ||     1

Vault maps used:
D:1:      dpeg_arrival_tiny_d, minmay_misc_feat_roman, minmay_parallelograms
D:3:      lemuel_crystal_altar, first_bread, uniq_natasha, uniq_iyjb,
          uniq_crazy_yiuf_cottage
D:4:      temple_hall, serial_shops, shop
D:5:      kennysheep_mini_moat, uniq_duvessa
Temple:   cyrus_temple_forest_13
